AoeStats
← NTM.daniel.echeverri3

Glade

510825001Analyzed
1v1 RM · 11h ago on Oct 2, 2026· 36m 19s· 2 players
Game mode
Random Map
Map size
Tiny (2 player)
Population
200
Speed
Normal
Resources
Standard
Victory
Conquest
Starting age
Dark Age
Ending age
Imperial Age
RankedLock teamsTeams togetherTeam positionsShared explorationLock speedFull tech treeHidden civsTurbo modeCheats
Victory
Defeat
🇺🇸 Koreans · United States
1087
+17
🇨🇴 Saracens · Colombia
1107
-17
Elephants? Elephants!
7:17 Loom
9:45 Feudal Age
10:48 Double-Bit Axe
14:03 Fletching
15:05 Horse Collar
25:53 Castle Age
26:41 Bodkin Arrow
27:20 Bow Saw
32:30 Gold Mining
36:11 Imperial Age
34:25 Wheelbarrow
36:13 Town Watch
NTM.daniel.echeverri3
6:57 Loom
9:12 Feudal Age
10:13 Double-Bit Axe
14:18 Fletching
22:17 Padded Archer Armor
25:08 Castle Age
26:01 Bow Saw
25:26 Crossbowman
26:23 Leather Archer Armor
36:15 Wheelbarrow
36:02 Bodkin Arrow
Connection lost

Rejoining the realm…

Still unreachable

The connection could not be restored.

Session expired

The server has moved on; the page needs a fresh start.